 Dungeon Crawl Stone Soup version 0.18-a0-884-gb6cfd45 (webtiles) character file.

37 Raultor the Insei (level 3, -1/31 HPs)
             Began as a Draconian Monk on Dec 22, 2015.
             Slain by a hound (3 damage)
             ... on level 2 of the Dungeon.
             The game lasted 00:02:33 (1404 turns).

Raultor the Insei (Draconian Monk)                  Turns: 1404, Time: 00:02:33

Health: -1/31      AC:  5    Str: 13    XL:     3   Next: 23%
Magic:  3/3        EV: 13    Int: 10    God:
Gold:   31         SH:  0    Dex: 14    Spells: 0 memorised, 2 levels left

rFire  . . .     SeeInvis .       - Unarmed
rCold  . . .     Gourm    .     (armour unavailable)
rNeg   . . .     Faith    .     (no shield)
rPois  .         Spirit   .     (helmet restricted)
rElec  .         Dismiss  +     (no cloak)
rCorr  .         Reflect  .     (no gloves)
SustAt .         Harm     .     (no boots)
MR     +....                    k - amulet of dismissal
Stlth  ++........               (no ring)
                                h - ring of protection from magic {MR+, !d}

@: somewhat resistant to hostile enchantments, unstealthy
A: unfitting armour, cold-blooded, AC +5
a: no special abilities


You were on level 2 of the Dungeon.
You were hungry.

You visited 1 branch of the dungeon, and saw 2 of its levels.

You collected 31 gold pieces.

Inventory:

Armour
 o - a +0 pair of boots
   (You found it on level 2 of the Dungeon)
Jewellery
 h - a ring of protection from magic (left hand) {MR+, !d}
   (You took it off a hobgoblin on level 2 of the Dungeon)
 k - an amulet of dismissal (around neck)
   (You found it on level 2 of the Dungeon)
Scrolls
 b - a scroll of identify {unknown}
 c - 3 scrolls of remove curse {unknown}
 d - a scroll of fog {unknown}
 e - a scroll of random uselessness {unknown}
 l - a scroll of amnesia {unknown}
 m - a scroll of magic mapping {unknown}
 n - a scroll of teleportation {unknown}
Potions
 f - a potion of curing {unknown}
 g - a potion of flight {unknown}
 i - a potion of might {unknown}
Comestibles
 a - a bread ration {@e1}
 j - a slice of pizza


   Skills:
 + Level 3.6 Fighting
 + Level 3.1 Dodging
 - Level 1.7 Stealth
 * Level 4.5 Unarmed Combat


You had 2 spell levels left.
You didn't know any spells.

Dungeon Overview and Level Annotations

Branches:
Dungeon (2/15)

Altars:
Makhleb


Innate Abilities, Weirdness & Mutations

Your plain brown scales are hard (AC +5).
Your body does not fit into most forms of armour.
You are cold-blooded and may be slowed by cold attacks.


Message History

You kill the bat!
No target in view!
m - a scroll labeled ILLOMY QOUFUAF You open the door.
There is an open door here.
You open the door.
There is an open door here.
A bat comes into view.
The bat closely misses you.
You hit the bat but do no damage.
Your tail-slap misses the bat.
The bat hits you but does no damage.
You hit the bat. The bat hits you but does no damage.
The bat hits you but does no damage.
You hit the bat.
You kill the bat!
No target in view!
n - a scroll labeled PUONLA BIAWAFU You now have 15 gold pieces (gained 2).
You see here a whip.
You see here 12 stones.
o - a pair of boots A kobold comes into view.
It is wielding a dagger.
The kobold shouts!
All of the chunks of flesh in your inventory have rotted away.
No target in view!
No target in view!
No target in view!
The kobold misses you.
The kobold is too close now for your liking.
You closely miss the kobold. You tail-slap the kobold.
You kill the kobold!
No target in view!
No target in view!
You see here a dagger.
k - a thin zirconium amulet Put on which piece of jewellery? (? for menu, Esc to quit)
The world spins around you as a field of translocational energy flows through you!
k - an amulet of dismissal (around neck) Put on which piece of jewellery? (? for menu, Esc to quit)
h - a ring of protection from magic (left hand)
You now have 22 gold pieces (gained 7).
The world stops spinning.
You open the door. You open the door.
There is an open door here.
You are feeling hungry.
No target in view!
You now have 31 gold pieces (gained 9).
A hound comes into view.
Found a burning altar of Makhleb.
The hound barks!
You barely miss the hound. The hound bites you. The hound barely misses you.
You take 4 damage, and have 27/31 hp.
You closely miss the hound. Your punch misses the hound. The hound bites you.
You closely miss the hound. The hound closely misses you. The hound bites you.
You take 2 damage, and have 25/31 hp.
You barely miss the hound. The hound barely misses you.
You miss the hound. The hound barely misses you.
You completely miss the hound.
Your tail-slap misses the hound.
The hound bites you but does no damage. The hound bites you.
You take 5 damage, and have 20/31 hp.
You completely miss the hound. The hound bites you.
You take 2 damage, and have 18/31 hp.
You are too injured to fight recklessly!
You are too injured to fight recklessly!
You are too injured to fight recklessly!
You are too injured to fight recklessly!
You are too injured to fight recklessly!
The hound bites you.
You take 1 damage, and have 17/31 hp.
You closely miss the hound. You tail-slap the hound.
The hound barely misses you.
You closely miss the hound. The hound completely misses you.
The hound bites you.
You take 4 damage, and have 13/31 hp.
You barely miss the hound. The hound closely misses you.
You completely miss the hound. The hound misses you.
You barely miss the hound. The hound closely misses you.
The hound bites you but does no damage.
You closely miss the hound. The hound barely misses you.
You hit the hound. Your punch misses the hound. The hound barely misses you.
The hound bites you.
You take 3 damage, and have 11/31 hp.
You closely miss the hound. The hound barely misses you.
You closely miss the hound. The hound completely misses you.
You closely miss the hound. The hound bites you.
* * * LOW HITPOINT WARNING * * *
The hound bites you.
* * * LOW HITPOINT WARNING * * *
You take 4 damage, and have 7/31 hp.
You hit the hound. The hound completely misses you.
You hit the hound but do no damage. The hound misses you.
You closely miss the hound. The hound bites you.
* * * LOW HITPOINT WARNING * * *
The hound misses you.
You take 5 damage, and have 2/31 hp.
You hit the hound. The hound misses you.
You completely miss the hound. The hound barely misses you.
The hound bites you.
You die...

#.. #.. #.. #.. ###.$
..#.... .......#### #.#
#......h@.# ##.#
#.##...##.# #... .#.._.
#.# #..# .###∩# #.#
##..# #.#### ##.######
#...####...#####.......#
......)....##.########.#
......#..####.# #.#


You could see a hound.

Vanquished Creatures
  4 bats
  8 goblins
  7 hobgoblins
  2 jackals (D:1)
  7 kobolds
  A giant cockroach (D:1)
  5 rats
34 creatures vanquished.

Notes
Turn   | Place    | Note
--------------------------------------------------------------
     0 | D:1      | Raultor the Draconian Monk began the quest for the Orb.
     0 | D:1      | Reached XP level 1. HP: 19/19 MP: 1/1
    96 | D:1      | Reached XP level 2. HP: 9/26 MP: 2/2
   338 | D:1      | Reached skill level 3 in Dodging
  1069 | D:2      | Reached XP level 3. HP: 29/31 MP: 3/3
  1380 | D:2      | Found a burning altar of Makhleb.
  1399 | D:2      | HP: 7/31 [hound (2)]
  1402 | D:2      | HP: 2/31 [hound (5)]
  1404 | D:2      | Slain by a hound

Vault maps used:
D:1:      minmay_arrival_cross, serial_bayou, serial_bayou_pond_c,
          serial_bayou_pond_c, serial_bayou_pond_b, serial_bayou_pond_e
D:2:      makhleb_heckhound_becter

Action                   || total
-------------------------++-------
Melee: Unarmed           ||   126
 Stab: Sleeping          ||     3
  Eat: Chunk             ||     1

Vault maps used:
D:1:      minmay_arrival_cross, serial_bayou, serial_bayou_pond_c,
          serial_bayou_pond_c, serial_bayou_pond_b, serial_bayou_pond_e
D:2:      makhleb_heckhound_becter

Table legend:
 A = Turns spent in this place as a percentage of turns spent in the entire game.
 B = Non-inter-level travel turns spent in this place as a percentage of non-inter-level travel turns spent in the entire game.
 C = Inter-level travel turns spent in this place as a percentage of turns spent in this place.
 D = Turns resting spent in this place as a percentage of non-inter-level travel turns spent in this place.
 E = Turns spent auto-exploring this place as a percentage of non-inter-level travel turns spent in this place.
 F = Non-inter-level travel turns spent in this place divided by the number of levels of this place that you've seen.
                   A       B       C       D       E      F
               +-------+-------+-------+-------+-------+----------------------
         Total | 100.0 | 100.0 |   0.3 |   0.6 |  13.0 | 173.5
       Dungeon | 100.0 | 100.0 |   0.3 |   0.6 |  13.0 | 173.5
               +-------+-------+-------+-------+-------+----------------------

Table legend:
 A = Kills in this place as a percentage of kills in entire the game.
 B = Kills by you in this place as a percentage of kills by you in the entire game.
 C = Kills by friends in this place as a percentage of kills by friends in the entire game.
 D = Other kills in this place as a percentage of other kills in the entire game.
 E = Experience gained in this place as a percentage of experience gained in the entire game.
 F = Experience gained in this place divided by the number of levels of this place that you have seen.
                   A       B       C       D       E      F
               +-------+-------+-------+-------+-------+----------------------
         Total | 100.0 | 100.0 |  -nan |  -nan | 100.0 |  27.0
       Dungeon | 100.0 | 100.0 |  -nan |  -nan | 100.0 |  27.0
               +-------+-------+-------+-------+-------+----------------------
